 Dungeon Crawl Stone Soup version 0.19-a0-1104-gecadb88 (webtiles) character file.

122 Promi the Skirmisher (level 5, -10/48 HPs)
             Began as a Hill Orc Fighter on Aug 9, 2016.
             Killed from afar by Booris's ghost (17 damage)
             ... with a puff of frost
             ... on level 4 of the Dungeon.
             The game lasted 00:07:34 (2002 turns).

Promi the Skirmisher (Hill Orc Fighter)             Turns: 2002, Time: 00:07:34

Health: -10/48     AC:  8    Str: 19    XL:     5   Next: 6%
Magic:  5/5        EV:  7    Int:  8    God:
Gold:   143        SH:  9    Dex: 11    Spells: 0 memorised, 4 levels left

rFire  . . .     SeeInvis .     t - +0 dagger (curse)
rCold  . . .     Gourm    .     b - +0 scale mail
rNeg   . . .     Faith    .     c - +0 shield
rPois  .         Spirit   .     (no helmet)
rElec  .         Dismiss  .     p - +0 cloak
rCorr  .         Reflect  .     (no gloves)
SustAt .         Harm     .     (no boots)
MR     .....                    (no amulet)
Stlth  ..........               (no ring)
                                (no ring)

@: lethally poisoned (-10 -> -11), flying
A: no striking features
a: no special abilities


You were on level 4 of the Dungeon.
You were not hungry.

You visited 1 branch of the dungeon, and saw 4 of its levels.

You collected 143 gold pieces.

Inventory:

Hand Weapons
 a - a +0 long sword
 h - a +0 falchion
 t - a cursed +0 dagger (weapon)
Armour
 b - a +0 scale mail (worn)
 c - a +0 shield (worn)
 p - a +0 cloak (worn)
Scrolls
 l - 4 scrolls of identify
 q - a scroll of fog
Potions
 e - 2 potions of curing
 i - 2 potions of cure mutation {unknown}
 m - a potion of magic {unknown}
 n - a potion of degeneration {unknown}
 o - 2 potions of haste {unknown}
 r - 2 potions of agility
 s - a potion of lignification {unknown}
Comestibles
 f - 2 bread rations
 j - a chunk of flesh
 k - 2 meat rations


   Skills:
 * Level 5.0 Fighting
 * Level 3.4 Long Blades
 + Level 4.0 Armour
 + Level 3.8 Shields


You had 4 spell levels left.
You didn't know any spells.

Dungeon Overview and Level Annotations

Branches:
Dungeon (4/15)
 Temple: D:4-7

Altars:
Fedhas

Annotations:
D:4 Booris's ghost, amateur OpIE


Message History

You have reached level 5!
You feel stronger. The worker ant barely misses you.
Your shield prevents you from hitting the worker ant.
You feel sick.
Booris's ghost stares at you and mumbles some strange words.
The puff of frost hits you!
* * * LOW HITPOINT WARNING * * *
The worker ant closely misses you.
It was a potion of flight.
You feel very buoyant.
You fly up into the air.
You block the worker ant's attack.
Booris's ghost stares at you and mumbles some strange words.
The puff of frost hits you!
* * * LOW HITPOINT WARNING * * *
You feel sick.
Booris's ghost shrieks, "They lied to you.
The Dungeon just goes down and down forever."
Booris's ghost casts a spell at you. The puff of frost hits you!
You die...

.# ### ##########.# ##.##
#.......##.####### ##...##
#........#.##.....
##.....###.......#...#.####
#................#.....#
##.....###.......#...#
##...####@.......#.#######
##..$†.aW................
#....############.#######
###....###### #÷#
###.....$....$........#
##.........##########..#
#?.........# >..#
#..........# ....#
#....#.......# #....#


You could see a worker ant and Booris's ghost.

Vanquished Creatures
  A scorpion (D:4)
  2 adders (D:4)
  An ooze (D:3)
  A worm (D:2)
  2 dart slugs
  A giant gecko (D:1)
  2 orcs
  2 giant cockroaches
  3 goblins
  5 hobgoblins
  2 jackals (D:4)
  6 kobolds
  7 bats
  3 giant newts (D:2)
  7 rats
45 creatures vanquished.

Notes
Turn   | Place    | Note
-------+----------+-------------------------------------------
     0 | D:1      | Promi the Hill Orc Fighter began the quest for the Orb.
     0 | D:1      | Reached XP level 1. HP: 19/19 MP: 1/1
   110 | D:1      | Reached XP level 2. HP: 27/27 MP: 2/2
   256 | D:1      | Reached skill level 4 in Fighting
   603 | D:2      | Reached XP level 3. HP: 24/33 MP: 3/3
   736 | D:2      | Found a blossoming altar of Fedhas.
  1791 | D:4      | Noticed a scorpion
  1797 | D:4      | Killed a scorpion
  1797 | D:4      | Reached XP level 4. HP: 40/41 MP: 4/4
  1937 | D:4      | Noticed Booris's ghost (amateur OpIE)
  1998 | D:4      | Reached skill level 5 in Fighting
  1998 | D:4      | Reached XP level 5. HP: 23/48 MP: 5/5
  2002 | D:4      | Killed from afar by Booris's ghost

Vault maps used:
D:1:      dpeg_arrival_three_smaller_balls
D:2:      grunt_ministairs_1, fedhas_altar_1
D:4:      nicolae_ossuary_entry_ruins, gup_sewer_entry_spiral

Skill      XL: |  1  2  3  4 |
---------------+-------------+-----
Fighting       | 4 5 |  5.0
Long Blades    | 3 |  3.4
Armour         | 4 |  4.0
Shields        | |  3.8

Action                   |  1- 3 |  4- 6 || total
-------------------------+-------+-------++-------
Melee: Long sword        |    98 |       ||    98
       Dagger            |    81 |    59 ||   140
  Use: Scroll            |     6 |     1 ||     7
       Potion            |     1 |     3 ||     4
  Eat: Chunk             |     3 |     1 ||     4
Armor: Scale mail        |    67 |    21 ||    88
Dodge: Dodged            |    45 |    18 ||    63
Block: Shield            |    88 |    29 ||   117
